 Dungeon Crawl Stone Soup version 0.26-a0-708-g17f3b190f9 (webtiles) character file.

Game seed: 3011721897065210619

2948 Gargoyl the Fighter (level 9, -1/74 HPs)
             Began as a Gnoll Abyssal Knight on Oct 28, 2020.
             Was a Priest of Lugonu.
             Slain by a two-headed ogre
             ... wielding a cursed -1 giant spiked club
              (18 damage)
             ... on level 8 of the Dungeon.
             The game lasted 00:09:39 (6392 turns).

Gargoyl the Fighter (Gnoll Abyssal Knight)          Turns: 6392, Time: 00:09:39

Health: -1/74      AC: 13    Str: 22    XL:     9   Next: 81%
Magic:  15/15      EV:  9    Int: 15    God:    Lugonu [***...]
Gold:   421        SH: 10    Dex: 16    Spells: 17/17 levels left

rFire    . . .     SeeInvis .   h - +3 hand axe (vorpal)
rCold    . . .     Faith    .   y - +0 kite shield
rNeg     . . .     Spirit   .   z - +0 chain mail
rPois    .         Reflect  .   b - +1 helmet
rElec    .         Harm     .   (no cloak)
rCorr    .         Rampage  .   (no gloves)
MR       .....                  c - +0 pair of boots
Stlth    ..........             (no amulet)
HPRegen  0.22/turn              d - +4 ring of slaying
MPRegen  0.14/turn              p - +6 ring of strength

@: no status effects
A: distributed training, fangs 1, strong nose
a: Depart the Abyss, Bend Space, Banish, Renounce Religion


You were on level 8 of the Dungeon.
You worshipped Lugonu.
Lugonu was most pleased with you.
You visited 1 branch of the dungeon, and saw 8 of its levels.
You visited the Abyss 1 time.

You collected 491 gold pieces.
You spent 70 gold pieces at shops.

Inventory:

Hand Weapons
 a - a +1 hand axe
 h - a +3 vorpal hand axe (weapon)
Missiles
 n - 48 poisoned darts (quivered)
Armour
 b - a +1 helmet (worn)
 c - a +0 pair of boots (worn)
 y - a +0 kite shield (worn)
 z - a +0 chain mail (worn)
Jewellery
 d - a +4 ring of slaying (left hand)
 p - a +6 ring of strength (right hand)
 w - a +4 ring of evasion
 D - an uncursed ring of resist corrosion {unknown}
Wands
 j - a wand of random effects (41)
 r - a wand of acid (8)
 u - a wand of paralysis (6)
 A - a wand of disintegration (15)
 C - a wand of iceblast (11)
Scrolls
 g - 3 scrolls of teleportation
 k - 2 scrolls of remove curse
 l - 4 scrolls of identify
 E - 2 scrolls of brand weapon {unknown}
 F - a scroll of vulnerability {unknown}
 G - a scroll of noise {unknown}
Potions
 e - 2 potions of invisibility
 f - 4 potions of stabbing
 i - 2 potions of curing
 m - a potion of haste
 o - 4 potions of heal wounds
 q - a potion of brilliance
 s - a potion of berserk rage
 t - a potion of lignification {unknown}
 v - 2 potions of flight {unknown}
 x - a potion of magic {unknown}
 B - a potion of resistance {unknown}
 H - a potion of mutation {unknown}
 I - a potion of degeneration {unknown}


   Skills:
 + Level 8.1 Fighting
 + Level 4.6 Short Blades
 + Level 4.6 Long Blades
 + Level 6.5 Axes
 + Level 4.6 Maces & Flails
 + Level 4.6 Polearms
 + Level 4.6 Staves
 + Level 4.6 Slings
 + Level 4.6 Bows
 + Level 4.6 Crossbows
 + Level 4.6 Throwing
 + Level 6.5 Armour
 + Level 5.3 Dodging
 + Level 4.6 Stealth
 + Level 4.6 Shields
 + Level 4.6 Unarmed Combat
 + Level 4.6 Spellcasting
 + Level 3.8 Conjurations
 + Level 3.8 Hexes
 + Level 3.8 Summonings
 + Level 3.8 Necromancy
 + Level 3.8 Translocations
 + Level 3.8 Transmutations
 + Level 3.8 Fire Magic
 + Level 3.8 Ice Magic
 + Level 3.8 Air Magic
 + Level 3.8 Earth Magic
 + Level 3.8 Poison Magic
 + Level 6.9 Invocations
 + Level 4.6 Evocations


You had 17 spell levels left.
You didn't know any spells.
Your spell library contained the following spells:

 Spells                   Type           Power        Failure   Level
 Beastly Appendage        Tmut           ##....       71%         1
 Corona                   Hex            ##.....      71%         1
 Foxfire                  Conj/Fire      ##..         71%         1
 Slow                     Hex            ##......     83%         2
 Conjure Flame            Conj/Fire      ##......     97%         3
 Ignite Poison            Fire/Tmut/Pois ##......     97%         3
 Inner Flame              Hex/Fire       ##......     97%         3
 Portal Projectile        Hex/Tloc       ##....       97%         3
 Cause Fear               Hex            ##........   100%        4
 Leda's Liquefaction      Hex/Erth       ##........   100%        4
 Sticky Flame             Conj/Fire      ##......     100%        4
 Bolt of Magma            Conj/Fire/Erth ##........   100%        5
 Borgnjor's Vile Clutch   Necr/Erth      ##........   100%        5
 Fireball                 Conj/Fire      ##........   100%        5
 Irradiate                Conj/Tmut      ##........   100%        5
 Eringya's Noxious Bog    Tmut/Pois      ##........   100%        6
 Hydra Form               Tmut           ##........   100%        6
 Statue Form              Tmut/Erth      ##.......    100%        6
 Dragon Form              Tmut           ##........   100%        7


Dungeon Overview and Level Annotations

Branches:
Dungeon (8/15)             Temple (0/1) D:7
   Lair: D:8-11

Altars:
Cheibriados
Elyvilon
Gozag
Hepliaklqana
Makhleb
Qazlal
Ru
Trog
Vehumet

Shops:
D:6 *


Innate Abilities, Weirdness & Mutations

Your experience applies equally to all skills.
You have very sharp teeth.
Your uncanny sense of smell can sniff out nearby items.


Message History

You block the killer bee's attack. The killer bee stings you.
* * * LOW HITPOINT WARNING * * *
You miss the killer bee.
The killer bee is severely wounded.
The killer bee stings you but does no damage.
The killer bee barely misses you.
You slash the killer bee!
You kill the killer bee!
Lugonu accepts your kill.
The water moccasin hisses angrily.
An adder zombie comes into view.
Found a scroll of teleportation.
The water moccasin closely misses you. You block the water moccasin's attack.
Found a potion of curing.
The adder zombie closely misses you.
There is a stone staircase leading up here.
You block the adder zombie's attack.
The water moccasin bites you but does no damage.
The two-headed ogre hits you with a cursed -1 giant spiked club!!
You die...

#...
..............
#..!..
#.y..).....
#.....
#####........
#.....
#....y######.
#.....
##.##### ##
#.?...####..#
#
#........y.##
#.....yOy..#
###...@Sy..#
#....Z..##
#..........#
#.......##..
#.......# #
.......#..
.........##
.........y.


You could see a two-headed ogre, a water moccasin, 5 killer bees and an adder
zombie.

Vanquished Creatures
  Joseph (D:7)
  2 ice beasts
  A sky beast (D:4)
  A black bear (D:5)
  4 phantoms
  2 centaurs (D:7)
  4 ogres
  A big kobold (D:4)
  3 gnoll sergeants
  2 bullfrogs
  A scorpion (D:4)
  A killer bee (D:8)
  A wight (D:4)
  5 hounds
  4 orc wizards
  3 orc priests
  A bullfrog skeleton (D:5)
  5 iguanas
  2 worker ants
  A hound zombie (D:5)
  A hound skeleton (D:6)
  A worker ant zombie (D:5)
  Robin (D:2)
  3 gnolls (D:2)
  10 adders
  A shadow imp (D:6)
  A white imp (D:6)
  3 ufetubi
  2 oozes
  An adder skeleton (D:5)
  2 dart slugs
  9 leopard geckos
  18 orcs
  5 bats
  3 giant cockroaches
  13 goblins
  9 hobgoblins
  10 jackals
  4 quokkas
  A ball python (D:4)
  A frilled lizard (D:2)
  5 kobolds
  2 quokka skeletons
  A rat (D:3)
152 creatures vanquished.

Notes
Turn   | Place    | Note
-------+----------+-------------------------------------------
     0 | Abyss:1  | Gargoyl the Gnoll Abyssal Knight began the quest for the
                  | Orb.
     0 | Abyss:1  | Reached XP level 1. HP: 23/23 MP: 3/3
    33 | Abyss:2  | Found a corrupted altar of Lugonu.
    56 | Abyss:3  | Found a corrupted altar of Lugonu.
    76 | Abyss:3  | Noticed a large abomination
    92 | Abyss:3  | Noticed a large abomination
    93 | D:1      | Escaped the Abyss
   178 | D:1      | You fall into a shaft and drop 1 floor!
   505 | D:1      | You fall into a shaft and drop 1 floor!
   505 | D:2      | Noticed Robin
   508 | D:2      | Reached XP level 2. HP: 29/29 MP: 5/5
   514 | D:2      | Reached * piety under Lugonu
   515 | D:2      | Killed Robin
   515 | D:2      | Reached XP level 3. HP: 25/35 MP: 6/6
   525 | D:2      | Reached skill level 1 in Short Blades
   525 | D:2      | Reached skill level 1 in Long Blades
   525 | D:2      | Reached skill level 1 in Maces & Flails
   525 | D:2      | Reached skill level 1 in Polearms
   525 | D:2      | Reached skill level 1 in Staves
   525 | D:2      | Reached skill level 1 in Slings
   525 | D:2      | Reached skill level 1 in Bows
   525 | D:2      | Reached skill level 1 in Crossbows
   525 | D:2      | Reached skill level 1 in Throwing
   525 | D:2      | Reached skill level 1 in Stealth
   525 | D:2      | Reached skill level 1 in Shields
   525 | D:2      | Reached skill level 1 in Unarmed Combat
   525 | D:2      | Reached skill level 1 in Spellcasting
   525 | D:2      | Reached skill level 1 in Evocations
   659 | D:2      | Reached XP level 4. HP: 18/41 MP: 7/7
  1036 | D:2      | Found a sacrificial altar of Ru.
  1085 | D:2      | Reached skill level 1 in Conjurations
  1085 | D:2      | Reached skill level 1 in Hexes
  1085 | D:2      | Reached skill level 1 in Summonings
  1085 | D:2      | Reached skill level 1 in Necromancy
  1085 | D:2      | Reached skill level 1 in Translocations
  1085 | D:2      | Reached skill level 1 in Transmutations
  1085 | D:2      | Reached skill level 1 in Fire Magic
  1085 | D:2      | Reached skill level 1 in Ice Magic
  1085 | D:2      | Reached skill level 1 in Air Magic
  1085 | D:2      | Reached skill level 1 in Earth Magic
  1085 | D:2      | Reached skill level 1 in Poison Magic
  1433 | D:3      | Reached XP level 5. HP: 42/47 MP: 8/8
  1574 | D:3      | Reached ** piety under Lugonu
  1600 | D:3      | Found a radiant altar of Vehumet.
  1910 | D:3      | Found a burning altar of Makhleb.
  2058 | D:4      | Reached skill level 5 in Invocations
  2058 | D:4      | Reached XP level 6. HP: 31/53 MP: 9/9
  2218 | D:4      | Reached skill level 5 in Axes
  2218 | D:4      | Reached skill level 5 in Armour
  2233 | D:4      | Reached XP level 7. HP: 59/59 MP: 10/10
  2271 | D:4      | Reached skill level 7 in Fighting
  2571 | D:4      | Found a stormy altar of Qazlal.
  2842 | D:5      | Entered Level 5 of the Dungeon
  2889 | D:5      | Found a snail-covered altar of Cheibriados.
  3453 | D:4      | Reached XP level 8. HP: 36/67 MP: 12/12
  3819 | D:5      | Reached *** piety under Lugonu
  3903 | D:5      | Found a hazy altar of Hepliaklqana.
  3903 | D:5      | Found a bloodstained altar of Trog.
  3926 | D:5      | Found an opulent altar of Gozag.
  4861 | D:6      | Identified the Handbook of Earthen Transmutation
  4881 | D:6      | Found a white marble altar of Elyvilon.
  4882 | D:6      | Found Suklyho's Hallowed Reliquary.
  4883 | D:6      | Noticed an angel
  4888 | D:6      | Bought a potion of heal wounds for 70 gold pieces
  4926 | D:6      | Reached XP level 9. HP: 72/72 MP: 14/14
  5557 | D:7      | Reached skill level 5 in Dodging
  5832 | D:7      | Found a staircase to the Ecumenical Temple.
  5878 | D:7      | Noticed Joseph
  5891 | D:7      | Killed Joseph
  5891 | D:7      | Reached skill level 8 in Fighting
  6360 | D:8      | Noticed a two-headed ogre
  6392 | D:8      | Slain by a two-headed ogre

Illustrated notes

Levels and vault maps discovered:
D:1:      lightli_arrival_farm, layout_loops_corners, serial_park_tiny_2,
          minmay_tromino_v4_c
D:2:      layout_rooms, nicolae_overflow_hidden_temple, minmay_statues_item,
          uniq_robin
D:3:      layout_rooms, fiery_altar_vehumet, old_standard_altar
D:4:      layout_cave_pools, kennysheep_little_box
D:5:      layout_loops_corners, nicolae_overflow_quartered_altars,
          sword_in_stone
D:6:      layout_cave_pools, serial_column_ruins, column_ruins_circle_large,
          column_ruins_open_small, column_ruins_open_medium_water,
          column_ruins_grid_1, column_ruins_corridor_water, column_ruins_grid_3,
          nicolae_good_shop
D:7:      layout_loops_ring, minmay_temple_entry_junction_2,
          minmay_misc_feat_four_crosses, uniq_joseph
D:8:      layout_rooms, onia_ninara_dug_in_and_dangerous

Skill      XL: |  1  2  3  4  5  6  7  8  9 |
---------------+----------------------------+-----
Short Blades   | 1 2 3 4 |  4.6
Long Blades    | 1 2 3 4 |  4.6
Maces & Flails | 1 2 3 4 |  4.6
Polearms       | 1 2 3 4 |  4.6
Staves         | 1 2 3 4 |  4.6
Slings         | 1 2 3 4 |  4.6
Bows           | 1 2 3 4 |  4.6
Crossbows      | 1 2 3 4 |  4.6
Throwing       | 1 2 3 4 |  4.6
Stealth        | 1 2 3 4 |  4.6
Shields        | 1 2 3 4 |  4.6
Unarmed Combat | 1 2 3 4 |  4.6
Spellcasting   | 1 2 3 4 |  4.6
Evocations     | 1 2 3 4 |  4.6
Conjurations   | 1 2 3 |  3.8
Hexes          | 1 2 3 |  3.8
Summonings     | 1 2 3 |  3.8
Necromancy     | 1 2 3 |  3.8
Translocations | 1 2 3 |  3.8
Transmutations | 1 2 3 |  3.8
Fire Magic     | 1 2 3 |  3.8
Ice Magic      | 1 2 3 |  3.8
Air Magic      | 1 2 3 |  3.8
Earth Magic    | 1 2 3 |  3.8
Poison Magic   | 1 2 3 |  3.8
Dodging        | 3 4 5 |  5.3
Invocations    | 5 6 |  6.9
Axes           | 5 6 |  6.5
Armour         | 5 6 |  6.5
Fighting       | 7 8 |  8.1

Action                   |  1- 3 |  4- 6 |  7- 9 || total
-------------------------+-------+-------+-------++-------
Melee: Hand axe          |    28 |    95 |   259 ||   382
       Bite              |     2 |    10 |    34 ||    46
       Punch             |       |       |     1 ||     1
Throw: Dart              |       |     4 |    13 ||    17
Invok: Depart the Abyss  |     1 |       |       ||     1
  Use: Scroll            |       |     9 |     8 ||    17
       Potion            |       |       |     1 ||     1
Armor: Scale mail        |    21 |    49 |    45 ||   115
       Chain mail        |       |       |   108 ||   108
Dodge: Dodged            |    29 |    91 |   108 ||   228
Block: Kite shield       |       |       |    98 ||    98

Table legend: (Time is in decaauts)
 A = Elapsed time spent in this place.
 B = Non-inter-level travel time spent in this place.
 C = Inter-level travel time spent in this place.
 D = Time resting spent in this place.
 E = Time spent auto-exploring this place.
 F = Levels seen in this place.
 G = Mean time per level.
                   A        B        C        D        E       F      G
               +--------+--------+--------+--------+--------+-----+--------+
         Total |   6425 |   6237 |    188 |   1148 |   3737 |  11 |  584.1 |
       Dungeon |   6332 |   6144 |    188 |   1148 |   3707 |   8 |  791.5 |
         Abyss |     92 |     92 |      0 |      0 |     30 |   3 |   30.7 |
               +--------+--------+--------+--------+--------+-----+--------+

Top non-repeatable levels by time:
     D:4: 1358 daAuts
     D:5: 1290 daAuts
     D:2: 944 daAuts
     D:7: 925 daAuts
     D:6: 770 daAuts
     D:3: 612 daAuts
     D:1: 395 daAuts
 Abyss:2: 38 daAuts
 Abyss:3: 36 daAuts
     D:8: 34 daAuts
 Abyss:1: 17 daAuts
